 Dungeon Crawl Stone Soup version 0.17-a0-1945-gfe993df (webtiles) character file.

78 ololoev the Slasher (level 4, -3/31 HPs)
             Began as a High Elf Fighter on Sept 30, 2015.
             Slain by an ogre
             ... wielding a +0 giant club
              (15 damage)
             ... on level 4 of the Dungeon.
             The game lasted 00:05:11 (561 turns).

ololoev the Slasher (High Elf Fighter)               Turns: 561, Time: 00:05:11

Health: -3/31      AC: 11    Str: 21    XL:     4   Next: 15%
Magic:  5/5        EV: 11    Int: 12    God:
Gold:   65         SH:  0    Dex: 19    Spells: 0 memorised, 3 levels left

rFire  . . .     SeeInvis .     a - +0 long sword
rCold  . . .     Clarity  .     f - +0 plate armour
rNeg   . . .     SustAt   .     (no shield)
rPois  .         Gourm    .     (no helmet)
rElec  .         Spirit   .     (no cloak)
rCorr  .         Warding  .     (no gloves)
rMut   .         Stasis   .     (no boots)
MR     .....                    (no amulet)
Stlth  ..........               (no ring)
                                (no ring)

@: mighty, agile, lethally poisoned (-3 -> -7), not resistant to hostile
enchantments, extremely unstealthy
A: spit poison 1
a: Spit Poison


Innate Abilities, Weirdness & Mutations

You can spit weak poison.

Inventory:

Hand weapons
 a - a +0 long sword (weapon)
Armour
 c - a +0 shield
 f - a +0 plate armour (worn)
Scrolls
 h - 2 scrolls of remove curse {unknown}
 j - a scroll of teleportation {unknown}
Comestibles
 e - a bread ration
 k - a chunk of flesh


   Skills:
 + Level 3.4 Fighting
 * Level 4.5 Long Blades
 + Level 3.1 Armour
 - Level 2.6 Shields


You had 3 spell levels left.
You didn't know any spells.


You were on level 4 of the Dungeon.
You were not hungry.

You visited 1 branch of the dungeon, and saw 4 of its levels.

You collected 65 gold pieces.

#............#
##............#
..............#
##............#
#.........<...#
.#.............#
...#...........#
#.......#######
..#.#.@O.......
# #..........
#..........
#...#######
..... ....###
...... ......

Notes
Turn   | Place    | Note
--------------------------------------------------------------
     0 | D:1      | ololoev the High Elf Fighter began the quest for the Orb.
     0 | D:1      | Reached XP level 1. HP: 16/16 MP: 2/2
   142 | D:2      | Reached XP level 2. HP: 14/21 MP: 3/3
   281 | D:2      | Upgraded the game from 0.17-a0-1942-g46ae386 to 0.17-a0-1945-gfe993df
   300 | D:2      | Reached XP level 3. HP: 16/26 MP: 4/4
   357 | D:2      | Reached skill level 4 in Long Blades
   552 | D:4      | Reached XP level 4. HP: 17/31 MP: 5/5
   555 | D:4      | Noticed an ogre
   557 | D:4      | Gained mutation: You can spit weak poison. [potion of mutation]
   557 | D:4      | Gained mutation: Your muscles are strong. (Str +2) [potion of mutation]
   557 | D:4      | Gained mutation: You are surrounded by a mild repulsion field (EV +2). [potion of mutation]
   559 | D:4      | Lost mutation: You are surrounded by a mild repulsion field (EV +2). [potion of cure mutation]
   559 | D:4      | Lost mutation: Your muscles are strong. (Str +2) [potion of cure mutation]
   561 | D:4      | Slain by an ogre

Dungeon Overview and Level Annotations

Branches:
Dungeon (4/15)
 Temple: D:4-7

Altars:


Message History

You barely miss the worker ant.
The worker ant is severely wounded.
The worker ant bites you.
You are poisoned.
The worker ant poisons you!
You closely miss the worker ant.
The worker ant is severely wounded.
You feel sick. The worker ant barely misses you.
You hit the worker ant.
You kill the worker ant!
You have reached level 4!
You feel sick.
You feel sick.
Found a stone staircase leading down.
You feel sick.
An ogre comes into view. It is wielding a giant club.
The ogre shouts!
You feel sick.
There is a stone staircase leading up here.
Drink which item? (? for menu, Esc to quit)
It was a potion of mutation.
You feel extremely strange.
There is a nasty taste in your mouth for a moment.
You feel stronger.
You begin to radiate repulsive energy.
Use which ability?
Press: ? - help, Shift-Dir - straight line, f - ogre
Aim: an ogre, wielding a giant club The splash of poison hits the ogre.
The ogre is lightly wounded.
You feel slightly more hungry.
You feel sick.
Drink which item? (? for menu, Esc to quit)
It was a potion of cure mutation.
It has a very clean taste.
You feel less repulsive.
You feel weaker.
Drink which item? (? for menu, Esc to quit)
You feel agile all of a sudden.
You have got your breath back.
You feel sick. The ogre barely misses you.
You barely miss the ogre.
The ogre is lightly wounded.
The ogre hits you with a giant club!
You die...

You could see an ogre.

Vanquished Creatures
  A worker ant (D:4)
  A worm (D:3)
  4 orcs (D:3)
  7 bats
  3 goblins
  4 hobgoblins (D:1)
  10 jackals
  6 kobolds
  3 giant cockroaches
  A giant gecko (D:1)
  2 giant newts (D:1)
  3 rats
45 creatures vanquished.

Action                   |  1- 3 |  4- 6 || total
-------------------------+-------+-------++-------
Melee: Long sword        |   174 |     1 ||   175
 Abil: Spit Poison       |       |     1 ||     1
  Use: Potion            |     3 |     3 ||     6

Vault maps used:
D:1:      lightli_arrival_isolated_outpost, hangedman_decor_riveting,
          minmay_misc_feat_enclosed, minmay_misc_feat_roman
D:4:      nicolae_overflow_crystal_walls, kennysheep_mini, kennysheep_mini_moat,
          temple_fountains, uniq_edmund
